 Dungeon Crawl Stone Soup version 0.21.1-1-g345015f (webtiles) character file.

81 lotte the Magician (level 4, -5/27 HPs)
             Began as an Octopode Wizard on June 29, 2018.
             Slain by Th3D0c's ghost (8 damage)
             ... on level 3 of the Dungeon on June 30, 2018.
             The game lasted 00:23:27 (3375 turns).

lotte the Magician (Octopode Wizard)                Turns: 3375, Time: 00:23:28

Health: -5/27      AC:  2    Str:  6    XL:     4   Next: 40%
Magic:  0/10       EV: 19    Int: 24    God:
Gold:   98         SH:  0    Dex: 17    Spells: 5/11 levels left

rFire    . . .     SeeInvis .   o - +0 dagger
rCold    . . .     Gourm    .   (no shield)
rNeg     . . .     Faith    .   a - +1 hat
rPois    .         Spirit   .   (no amulet)
rElec    .         Reflect  .   f - +3 ring of intelligence
rCorr    .         Harm     .   k - +2 ring of dexterity
MR       .....                  (no ring)
Stlth    ++++......             (no ring)
HPRegen  0.09/turn              (no ring)
MPRegen  0.12/turn              (no ring)
                                (no ring)
                                (no ring)

@: agile
A: almost no armour, stealthy swim, amphibious, 8 rings, constrict 8, camouflage
1, gelatinous body 1
a: no special abilities


You were on level 3 of the Dungeon.
You were not hungry.

You visited 1 branch of the dungeon, and saw 3 of its levels.

You collected 98 gold pieces.

Inventory:

Hand Weapons
 o - a +0 dagger (weapon)
Armour
 a - a +1 hat (worn)
Jewellery
 f - a +3 ring of intelligence (left tentacle)
 k - a +2 ring of dexterity (right tentacle)
Scrolls
 e - 2 scrolls of enchant armour
 i - a scroll of remove curse
 l - 3 scrolls of identify
Potions
 d - a potion of agility
 g - a potion of degeneration {unknown}
 h - 2 potions of flight {unknown}
 j - a potion of mutation {unknown}
 m - a potion of lignification {unknown}
 n - a potion of berserk rage {unknown}
 p - a potion of heal wounds {unknown}
 r - a potion of ambrosia {unknown}
Books
 b - a book of Minor Magic

   Spells                             Type                      Level
   a - Magic Dart                     Conjuration                  1
   b - Blink                          Translocation                2
   c - Call Imp                       Summoning                    2
   d - Slow                           Hexes                        2
   e - Conjure Flame                  Conjuration/Fire             3
   f - Mephitic Cloud                 Conjuration/Poison/Air       3
Comestibles
 c - 7 rations
 s - 3 chunks of flesh


   Skills:
 - Level 2.0 Dodging
 - Level 2.6 Stealth
 + Level 4.0 Spellcasting
 * Level 2.9 Conjurations
 - Level 1.0 Summonings
   Level 1.0 Translocations


You had 5 spell levels left.
You knew the following spells:

 Your Spells              Type           Power        Failure   Level  Hunger
a - Magic Dart            Conj           ###.         3%          1    None
b - Call Imp              Summ           #.......     10%         2    #......
c - Mephitic Cloud        Conj/Pois/Air  #.......     21%         3    ##.....


Dungeon Overview and Level Annotations

Branches:
Dungeon (3/15)

Altars:

Annotations:
D:3 Th3D0c's ghost, amateur MiBe


Innate Abilities, Weirdness & Mutations

You cannot wear most types of armour.
You are very stealthy in the water. (Stealth+)
You are amphibious.
You can wear up to eight rings at the same time.
You can use your tentacles to constrict eight enemies at once.
Your skin changes colour to match your surroundings (Stealth+).
Your rubbery body absorbs attacks. (AC +1, EV +1)


Message History

You don't have enough magic to cast that spell.
Unknown command.
Casting: Magic Dart
Confirm with . or Enter, or press ? or * to list all spells.
You don't have enough magic to cast that spell.
Unknown command.
Unknown command.
Unknown command.
Number of times to repeat, then command key: You must enter the number of times for the command to repeat.
Casting: Magic Dart
Confirm with . or Enter, or press ? or * to list all spells.
You don't have enough magic to cast that spell.
Unknown command.
Th3D0c's ghost is nearby!
Unknown command.
It was a potion of agility.
You feel agile all of a sudden. Th3D0c's ghost hits you!
You die...

♣..♣ ♣♣.♣♣
♣..♣ ♣♣.♣
♣..♣ ♣§♣
♣.♣♣ ♣.♣
.♣♣ ♣.♣ ♣.♣
♣.♣♣ ♣♣W♣♣
♣♣@♣ ♣.♣♣
♣.♣♣ ♣..♣
♣♣.♣ ♣♣♣
♣.♣
♣♣♣.♣♣♣♣.♣
♣....♣...♣
♣♣..♣...).♣


You could see Th3D0c's ghost (inner flame).

Vanquished Creatures
  An adder (D:2)
  An ooze (D:2)
  A dart slug (D:1)
  2 leopard geckos
  An orc (D:3)
  4 bats
  A giant cockroach (D:1)
  3 goblins
  3 hobgoblins
  6 kobolds
  2 frilled lizards
  7 rats
32 creatures vanquished.

Vanquished Creatures (collateral kills)
  A hound skeleton (D:3)
  3 adders
  A dart slug (D:1)
  3 goblins
  A hobgoblin (D:1)
9 creatures vanquished.

Grand Total: 41 creatures vanquished

Notes
Turn   | Place    | Note
-------+----------+-------------------------------------------
     0 | D:1      | lotte the Octopode Wizard began the quest for the Orb.
     0 | D:1      | Reached XP level 1. HP: 11/11 MP: 4/4
   545 | D:1      | Reached XP level 2. HP: 9/17 MP: 0/6
   793 | D:1      | Learned a level 2 spell: Call Imp
  1543 | D:1      | Reached XP level 3. HP: 21/21 MP: 4/8
  2513 | D:2      | Reached XP level 4. HP: 27/27 MP: 4/9
  2977 | D:3      | Learned a level 3 spell: Mephitic Cloud
  3214 | D:3      | Noticed Th3D0c's ghost (amateur MiBe)
  3223 | D:3      | Reached skill level 4 in Spellcasting
  3375 | D:3      | Slain by Th3D0c's ghost

Skill      XL: |  1  2  3  4 |
---------------+-------------+-----
Conjurations   | 2 |  2.9
Spellcasting   | 4 |  4.0
Dodging        | |  2.0
Stealth        | |  2.6
Summonings     | |  1.0
Translocations | |  1.0

Action                   |  1- 3 |  4- 6 || total
-------------------------+-------+-------++-------
Melee: Unarmed           |    10 |       ||    10
       Constrict         |     3 |       ||     3
       Dagger            |     1 |     6 ||     7
       Tentacles         |     1 |       ||     1
 Cast: Magic Dart        |    60 |    24 ||    84
       Call Imp          |     9 |    10 ||    19
  Use: Scroll            |       |     3 ||     3
       Potion            |       |     1 ||     1
  Eat: Chunk             |     3 |     1 ||     4
       Ration            |       |     1 ||     1
Armor: Skin              |     2 |       ||     2
Dodge: Dodged            |    11 |    13 ||    24
